 Dungeon Crawl Stone Soup version 0.31-a0-219-g8d62b2e7bb (webtiles) character file.

Game seed: 14237194786219635453

126 inqbanana the Insei (level 4, 0/35 HPs)
             Began as a Demonspawn Monk on July 3, 2023.
             Succumbed to a kobold's poison
             ... in a sewer.
             The game lasted 00:10:18 (2225 turns).

inqbanana the Insei (Demonspawn Monk)               Turns: 2225, Time: 00:10:19

Health: 0/35       AC:  2    Str: 13    XL:     4   Next: 84%
Magic:  4/4        EV: 13    Int: 11    God:
Gold:   159        SH:  0    Dex: 16    Spells: 3/3 levels left

rFire   . .          .
                       - Unarmed
rCold   + . .        c - orb {light}
rNeg    . . .        j - +0 robe {Will+}
rPois   .            (helmet restricted)
rElec   .            (no cloak)
rCorr   .            (no gloves)
SInv    .            (no boots)
Will    +....        (no amulet)
Stlth   +            e - ring of protection from cold
HPRegen 0.25/turn    h - ring of flight
MPRegen 0.09/turn

%: no passive effects
@: mighty, lethally poisoned (0 -> -13), flying, glowing
A: antennae 2, powered by pain 1
a: no special abilities


You were in a sewer.
You visited 1 branch of the dungeon, and saw 3 of its levels.
You also visited: Sewer.

You collected 159 gold pieces.

Inventory:

Armour
 a - a +0 robe
 c - an orb of light (worn)
 j - a +0 robe of willpower (worn)
 o - a +0 scale mail
Jewellery
 e - a ring of protection from cold (left hand)
 h - a ring of flight (right hand)
Wands
 k - a wand of charming (8)
Scrolls
 d - a scroll of teleportation
 f - 3 scrolls of enchant weapon {unknown}
 g - a scroll of amnesia {unknown}
 i - a scroll of enchant armour {unknown}
 l - 2 scrolls of identify {unknown}
 m - a scroll of immolation {unknown}
 n - 2 scrolls of acquirement {unknown}
 q - a scroll of fog {unknown}
Potions
 b - a potion of ambrosia


   Skills:
 + Level 3.4 Fighting
 + Level 0.4 Armour
 + Level 3.2 Dodging
 - Level 0.1 Stealth
 * Level 4.2 Unarmed Combat
 + Level 0.5 Evocations


You had 3 spell levels left.
You didn't know any spells.
Your spell library contained the following spells:

 Spells                   Type           Power      Damage    Failure   Level
 Kiss of Death            Conj/Necr      0%         2d5       34%         1
 Slow                     Hex            0%         N/A       34%         1
 Confusing Touch          Hex            0%         N/A       71%         3
 Vampiric Draining        Necr           0%         2d6       71%         3
 Dispel Undead            Necr           0%         3d6       98%         4


Dungeon Overview and Level Annotations

Branches:
Dungeon (3/15)              Sewer (1/1)

Altars:


Innate Abilities, Weirdness & Mutations

You have a pair of antennae on your head.
You sometimes gain a little power by taking damage.


Message History

You hit the kobold brigand.
The kobold brigand is lightly wounded.
You feel sick.
You feel sick.
You are no longer poisoned.
The kobold brigand throws a poisoned dart.
The poisoned dart hits you!
You are poisoned.
You barely miss the kobold.
You feel sick.
You barely miss the kobold.
You feel sick.
You hit the kobold but do no damage.
You feel sick. The kobold barely misses you.
You feel sick.
The kobold brigand hits you with a +0 club.
* * * LOW HITPOINT WARNING * * *
The kobold throws a poisoned dart.
The poisoned dart closely misses you.
You feel sick.
The kobold brigand throws a poisoned dart.
The poisoned dart hits you!
You are lethally poisoned!
You are confused.
You feel invigorated.
* * * LOW HITPOINT WARNING * * *
You feel sick.
You're too confused to move!
* * * LOW HITPOINT WARNING * * *
You feel sick.
You feel sick.
The kobold brigand hits you with a +0 club!
* * * LOW HITPOINT WARNING * * *
You focus on the pain.
You feel very mighty all of a sudden.
You feel less invigorated.
You feel less confused.
* * * LOW HITPOINT WARNING * * *
You feel sick.
The kobold throws a poisoned dart.
The poisoned dart hits you!
You are more poisoned.
The kobold brigand throws a poisoned dart.
The poisoned dart barely misses you.
You die...

#~≈~#~~.P.
#~~~#~~..
#~≈~#~...
#......#~≈~~P...
#......#~≈~~~~
#......#~≈~~~
#......#~≈~#
#....~~#~~~#
#...~~#~@~#
##...P~KK≈~#
#....~~~~≈~# {
###...~#~≈~#{{
#....#~≈~#
##)'##~~~#
#....#~≈~#
#....#~≈~#
#.)∩!#~≈~#


You could see a kobold brigand and a kobold.

Vanquished Creatures
  Jessica (D:2)
  2 adders
  2 worms
  4 dart slugs
  3 ball pythons
  9 bats
  4 endoplasms
  5 giant cockroaches
  6 goblins
  8 hobgoblins
  2 jackals (D:1)
  5 quokkas
  4 frilled lizards
  3 kobolds
  6 rats
64 creatures vanquished.

Notes
Turn   | Place    | Note
-------+----------+-------------------------------------------
     0 | D:1      | inqbanana the Demonspawn Monk began the quest for the Orb.
     0 | D:1      | Reached XP level 1. HP: 18/18 MP: 1/1
    63 | D:1      | Reached skill level 3 in Unarmed Combat
    66 | D:1      | Gained mutation: You have a pair of small antennae on your
                  | head. [demonic ancestry]
    66 | D:1      | Reached XP level 2. HP: 18/24 MP: 2/2
   393 | D:1      | Gained mutation: You have a pair of antennae on your head.
                  | [demonic ancestry]
   393 | D:1      | Reached XP level 3. HP: 24/29 MP: 3/3
  1165 | D:2      | Reached skill level 4 in Unarmed Combat
  1341 | D:2      | Gained mutation: You sometimes gain a little power by
                  | taking damage. [demonic ancestry]
  1341 | D:2      | Reached XP level 4. HP: 30/35 MP: 4/4
  1848 | D:2      | Noticed Jessica
  1854 | D:2      | Killed Jessica
  2147 | D:3      | Found a glowing drain.
  2161 | Sewer    | Entered a sewer
  2193 | Sewer    | Noticed a kobold brigand
  2223 | Sewer    | HP: 1/35 [kobold brigand/+0 club (8)]
  2225 | Sewer    | Succumbed to a kobold's poison

Illustrated notes

Levels and vault maps discovered:
D:1:      minmay_arrival_five_plusses, layout_basic
D:2:      layout_loops_cross, uniq_jessica
D:3:      layout_loops_cross, portal_sewer_entry_a, dreamdust_princess_corridor,
          uniq_ijyb, uniq_crazy_yiuf_cottage
Sewer:    kennysheep_pipe_town

Skill      XL: |  1  2  3 |
---------------+----------+-----
Unarmed Combat | 3 4 |  4.2
Dodging        | 3 |  3.2
Fighting       | |  3.4
Armour         | |  0.4
Stealth        | |  0.1
Evocations     | |  0.5

Action                     |  1- 3 |  4- 6 || total
---------------------------+-------+-------++-------
  Melee: Unarmed           |   141 |    72 ||   213
    Use: Potion            |       |     5 ||     5
         Scroll            |       |     1 ||     1
 Armour: Robe              |    24 |    17 ||    41
  Dodge: Dodged            |    93 |    58 ||   151

Table legend: (Time is in decaauts)
 A = Elapsed time spent in this place.
 B = Non-inter-level travel time spent in this place.
 C = Inter-level travel time spent in this place.
 D = Time resting spent in this place.
 E = Time spent auto-exploring this place.
 F = Levels seen in this place.
 G = Mean time per level.
                   A        B        C        D        E       F      G
               +--------+--------+--------+--------+--------+-----+--------+
         Total |   2212 |   2192 |     20 |    154 |   1020 |   4 |  553.0 |
       Dungeon |   2150 |   2130 |     20 |    154 |   1020 |   3 |  716.7 |
         Sewer |     62 |     62 |      0 |      0 |      0 |   1 |   62.0 |
               +--------+--------+--------+--------+--------+-----+--------+

Top non-repeatable levels by time:
     D:1: 1121 daAuts
     D:2: 889 daAuts
     D:3: 138 daAuts
   Sewer: 62 daAuts
